 Dungeon Crawl Stone Soup version 0.9.0-5-g8f13223 character file.

2504 hem the Changer (level 9, -2/52 (56) HPs)
             Began as a Sludge Elf Stalker on Aug 13, 2011.
             Was an Initiate of Ashenzari.
             Slain by a snake (4 damage)
             ... on Level 8 of the Dungeon.
             The game lasted 01:02:42 (10139 turns).

hem the Changer (Sludge Elf Stalker)               Turns: 10139, Time: 01:02:42

HP  -2/52 (56)   AC  3     Str 10      XL: 9   Next: 33%
MP   9/20        EV 15     Int 17      God: Ashenzari [......]
Gold 294         SH  0     Dex 16      Spells:  4 memorised,  8 levels left

Res.Fire  : . . .   See Invis. : .   a - +3 elf dagger
Res.Cold  : . . .   Warding    : . . b - +0 elf robe
Life Prot.: . . .   Conserve   : .   (no shield)
Res.Acid. : . . .   Res.Corr.  : .   (no helmet)
Res.Poison: .       Clarity    : .   c - +0 elf cloak
Res.Elec. : .       Spirit.Shd : .   (no gloves)
Sust.Abil.: . .     Stasis     : .   (no boots)
Res.Mut.  : .       Ctrl.Telep.: .   (no amulet)
Res.Rott. : .       Levitation : .   (no ring)
Saprovore : . . .   Ctrl.Flight: .   B - ring of levitation

@: somewhat resistant to hostile enchantments, quite stealthy
A: no striking features
a: Renounce Religion, Evoke Levitation


You were on level 8 of the Dungeon.
You worshipped Ashenzari.
Ashenzari was pleased with you.
You were hungry.

You visited 1 branch of the dungeon, and saw 8 of its levels.

You collected 274 gold pieces.

Inventory:

Hand weapons
 a - a +3,+3 elven dagger (weapon)
Armour
 b - a +0 elven robe (worn)
 c - a +0 elven cloak (worn)
Magical devices
 k - a wand of fire (0)
 n - a wand of paralysis (3)
 y - a wand of lightning (0)
Comestibles
 f - 3 bread rations
 h - a rotting chunk of rat flesh
 s - 7 rotting chunks of centaur flesh
 t - 2 meat rations
Scrolls
 g - 4 scrolls of identify
 i - 2 scrolls of curse armour
 j - a scroll of curse jewellery
 l - 2 scrolls of remove curse
 I - 2 scrolls of teleportation
Jewellery
 B - a ring of levitation (left hand)
Potions
 m - a potion of resistance
 p - a potion of invisibility
 r - 5 potions of water
 v - a potion of slowing
 w - a potion of agility
 C - 2 potions of berserk rage
 D - a potion of degeneration
 F - a potion of restore abilities {unknown}
Books
 d - a book of Stalking

   Spells                             Type                      Level
   *Fulsome Distillation              Transmutation/Necromancy     1
   *Evaporate                         Fire/Transmutation           2
   *Passwall                          Transmutation/Earth          3
   *Petrify                           Transmutation/Earth          4
   Dig                                Transmutation/Earth          4
 o - a book of Summonings

   Spells                             Type                      Level
   Abjuration                         Summoning                    3
   Recall                             Summoning/Translocation      3
   Summon Elemental                   Summoning                    4
   Shadow Creatures                   Summoning                    5
   Summon Demon                       Summoning                    5
   Summon Ugly Thing                  Summoning                    6
 x - Ashenzari's Almanac of Culinary Dark Arts
   (You found it on level 3 of the Dungeon)

   Spells                             Type                      Level
   Animate Skeleton                   Necromancy                   1
 A - a book of Wizardry

   Spells                             Type                      Level
   Summon Elemental                   Summoning                    4
   Agony                              Necromancy                   5
   Lightning Bolt                     Conjuration/Air              5
   Fireball                           Conjuration/Fire             6
   Haste                              Charms                       6
   Invisibility                       Hexes                        6
 G - a book of the Warp

   Spells                             Type                      Level
   Recall                             Summoning/Translocation      3
   Passage of Golubria                Translocation                4
   Phase Shift                        Translocation                5
   Warp Weapon                        Charms/Translocation         5
   Dispersal                          Translocation                6
   Controlled Blink                   Translocation                7


   Skills:
 + Level 4 Fighting
 - Level 2 Short Blades
 - Level 5 Dodging
 - Level 6 Stealth
 - Level 4 Stabbing
 - Level 2 Traps & Doors
 * Level 5 Spellcasting
 - Level 1 Necromancy
 + Level 7 Transmutations
 - Level 1 Fire Magic
 * Level 4 Earth Magic
 - Level 1 Evocations


You had 8 spell levels left.
You knew the following spells:

 Your Spells              Type           Power        Success   Level  Hunger
a - Fulsome Distillation  Trmt/Necr      N/A          Excellent   1    None
p - Petrify Erth/Trmt     ####.....      Very         Good        4    Honeycomb
s - Evaporate             Fire/Trmt      ####......   Excellent   2    Sultana
w - Passwall              Erth/Trmt      ####......   Great       3    Choko

Dungeon Overview and Level Annotations

Branches:
Dungeon (8/27)             Temple (0/1) D:7             Orc (0/4) D:7
   Lair: D:8-13

Altars:
Ashenzari
Elyvilon
Trog
Vehumet
Yredelemnul

Shops:
D:6: [


Message History

The killer bee misses you.
A snake comes into view.
The killer bee misses you. The killer bee stings you!
* * * LOW HITPOINT WARNING * * *
The killer bee stops moving altogether!
You see here a killer bee corpse.
You hit the helpless killer bee.
The killer bee is lightly wounded.
Casting: Petrify
Confirm with . or Enter, or press ? or * to list all spells.
Throw which potion? (? for menu, Esc to quit)
Where do you want to aim your 2 potions of degeneration?
Aiming: Evaporate
Press: ? - help, Shift-Dir - straight line, p - killer bee The potion explodes!
The cloud engulfs the killer bee.
The killer bee is lightly wounded.
The cloud engulfs the snake.
The snake is engulfed in poison gas.
The snake is poisoned.
The snake bites you.
You die...

#........#####.......#
#........# #.......#
#........# ###.#####
######.### #.# #.#
####.#### #######.###
#§§§....#
..........####§§k....#
..............§§S....#
.....>....####..@....#
..........# #.......#
..........# #.......#
..........# #.......#
####.###### #.......#
#.# ####.#### #.# #.#
#.# #.# #.#
####.######


You could see a killer bee (petrified) and a snake.

Vanquished Creatures
  The ghost of jle the Stinger, an average HaVM of Makhleb (D:5)
  A necrophage (D:8)
  3 ogres
  2 ice beasts
  6 centaurs
  2 giant frogs
  A basilisk skeleton (D:8)
  7 killer bees (D:8)
  An imp (D:7)
  An orc priest (D:5)
  2 hounds
  6 worker ants
  4 orc wizards
  A goliath beetle zombie (D:5)
  2 jellies
  Terence (D:2)
  5 snakes
  3 gnolls (D:5)
  A giant mite (D:1)
  A snake zombie (D:7)
  A worm (D:3)
  A bat skeleton (D:4)
  7 giant geckos
  An ooze (D:2)
  16 orcs
  7 giant cockroaches
  11 goblins
  17 hobgoblins
  3 quokkas
  11 bats
  4 giant newts
  A jackal skeleton (D:6)
  12 kobolds
  An orc skeleton (D:4)
  14 rats
  A rat skeleton (D:5)
  A small snake (D:3)
  3 toadstools
163 creatures vanquished.

Vanquished Creatures (collateral kills)
  A hound (D:7)
  A gnoll (D:5)
2 creatures vanquished.

Vanquished Creatures (others)
  2 orcs (D:4)
  A goblin (D:8)
  A rat (D:4)
  3 toadstools
7 creatures vanquished.

Grand Total: 172 creatures vanquished

Notes
Turn   | Place    | Note
--------------------------------------------------------------
     0 | D:1      | hem, the Sludge Elf Stalker, began the quest for the Orb.
     0 | D:1      | Reached XP level 1. HP: 13/13 MP: 1/1
     2 | D:1      | Learned a level 1 spell: Fulsome Distillation
     7 | D:1      | Noticed an iguana
   342 | D:1      | Reached XP level 2. HP: 18/18 MP: 3/3
   348 | D:1      | Learned a level 2 spell: Evaporate
   763 | D:1      | Reached skill level 1 in Short Blades
   763 | D:1      | Reached skill level 4 in Transmutations
   904 | D:1      | Reached XP level 3. HP: 23/23 MP: 5/5
  1737 | D:2      | Noticed Terence
  1787 | D:2      | Defeated Terence
  1787 | D:2      | Reached XP level 4. HP: 20/28 MP: 1/7
  2558 | D:3      | Reached skill level 1 in Necromancy
  2864 | D:3      | Found a shattered altar of Ashenzari.
  2874 | D:3      | Got a sparkling book
  2877 | D:3      | Identified Ashenzari's Almanac of Culinary Dark Arts (You found it on level 3 of the Dungeon)
  2880 | D:3      | Became a worshipper of Ashenzari the Shackled
  3255 | D:4      | Reached XP level 5. HP: 25/34 MP: 9/9
  3287 | D:4      | Reached skill level 1 in Fire Magic
  3549 | D:4      | Got the uncursed banded mail of the Dice {rN+ Curse}
  3589 | D:4      | Reached skill level 5 in Transmutations
  3669 | D:4      | Learned a level 3 spell: Passwall
  4980 | D:5      | Entered Level 5 of the Dungeon
  5052 | D:5      | Reached skill level 1 in Traps & Doors
  5052 | D:5      | Reached XP level 6. HP: 32/39 MP: 11/11
  5408 | D:5      | Noticed jle's ghost (average HaVM)
  5648 | D:6      | Found Ileasyt's Armour Boutique.
  5671 | D:6      | Reached skill level 5 in Stealth
  5671 | D:6      | Reached skill level 1 in Earth Magic
  5681 | D:6      | Reached XP level 7. HP: 21/44 MP: 11/14
  5943 | D:6      | Found a basalt altar of Yredelemnul.
  6529 | D:5      | Reached skill level 6 in Transmutations
  7373 | D:5      | Defeated jle's ghost
  7373 | D:5      | Reached XP level 8. HP: 51/51 MP: 17/17
  7523 | D:7      | Reached skill level 1 in Evocations
  7540 | D:7      | Found a staircase to the Ecumenical Temple.
  7654 | D:7      | Found a staircase to the Orcish Mines.
  7960 | D:7      | Reached skill level 5 in Dodging
  8095 | D:7      | Found a bloodstained altar of Trog.
  8144 | D:7      | Found a radiant altar of Vehumet.
  9058 | D:8      | Learned a level 4 spell: Petrify
  9209 | D:8      | Reached XP level 9. HP: 46/55 MP: 19/19
  9220 | D:8      | Found a white marble altar of Elyvilon.
  9753 | D:8      | Reached skill level 5 in Spellcasting
  9906 | D:8      | Reached skill level 7 in Transmutations
 10134 | D:8      | HP: 2/52 [killer bee (8)]
 10139 | D:8      | Slain by a snake
